Zazza, neutral female human Tourist .... h.h^. .@f<. --..- --. Zazza the Rambler Experience level: 1 Strength: 12 Dexterity: 7 Constitution: 13 Intelligence: 14 Wisdom: 11 Charisma: 18 Health: 0(14) Energy: 2(2) Def: 3 Gold: 1364 Moves: 2410 Dungeon seed: GU1VcsvQ003_laK7 Game ID: Zazza_1607801913 Your Inventory: Coins $ - 1364 gold pieces Weapons a - 25 +2 darts I - 9 rusty +0 daggers (wielded) L - a cursed +0 dagger O - a +0 bow Armor y - an uncursed +0 orcish helm (being worn) N - an uncursed +0 dwarvish cloak (being worn) Y - an uncursed +0 pair of iron shoes (being worn) Comestibles b - 2 uncursed eggs c - 3 uncursed food rations f - an uncursed melon g - 3 uncursed slime molds h - an uncursed tripe ration i - 3 uncursed cram rations Scrolls l - 2 uncursed scrolls of magic mapping v - a cursed scroll of create monster Potions k - 2 uncursed potions of extra healing K - an uncursed potion of healing Rings s - an uncursed ring of fire resistance x - an uncursed ring of regeneration Wands p - a wand of slow monster (0:4) Tools m - an expensive camera (0:61) n - an uncursed credit card o - a magic marker (0:51) q - an uncursed towel J - 2 uncursed wax candles (0:400) M - a cursed oil lamp (0:1460) Gems e - 2 uncursed worthless pieces of blue glass r - an uncursed worthless piece of white glass z - 2 uncursed worthless pieces of black glass Spells and supernatural/magical abilities: Name Level Category Fail Memory W - pray for help -- divine ? -- Your skills at the end: Fighting Skills Weapon Skills dart [Basic] Spellcasting Skills Final Attributes: You were aligned. You are dead. Vanquished creatures: a gnome lord a little dog 2 dwarves 2 acid blobs a coyote 2 hobbits a large kobold 6 giant rats 3 cave spiders a green mold a red mold 8 gnomes a gnome zombie a gecko 8 jackals a fox 2 goblins 2 sewer rats 2 grid bugs 3 kobold zombies 4 newts 53 creatures vanquished. Voluntary challenges: You used a wielded weapon 3 times, starting on turn 245. You read items or engraved 4 times, starting on turn 832. You never genocided any monsters. You never polymorphed an object. You never changed form. You used no wishes. You never split a pudding. You wrote Elbereth's name 2 times, starting on turn 2093. You never violated your personal moral code. Dungeon overview: The Dungeons of Doom: levels 1 to 4 Level 1 a long staircase Level 2 Level 3 Level 4 an altar to Blind Io stairs to The Gnomish Mines The Gnomish Mines: levels 5 to 6 Level 5 stairs to The Dungeons of Doom Level 6 <- You were here History has recorded: On T:1 you entered the Dungeons of Doom to retrieve the Amulet of Yendor! On T:438 you reached level 2 of The Dungeons of Doom. On T:761 you reached level 3 of The Dungeons of Doom. On T:1100 you reached level 4 of The Dungeons of Doom. On T:1455 you reached level 1 of The Gnomish Mines. On T:2403 you reached level 2 of The Gnomish Mines. Score breakdown: Gold: 626 ( 9515 points) Experience: 1 level ( 0 points) Exploration: 6 levels ( 12.50%) ( 9784 points) Discoveries: 1 item ( 0.34%) ( 1737 points) Valuables value: (no points given unless you survive) Artifact value: 0 ( 0 points) Variety of kills: 21 monsters ( 5.51%) ( 7043 points) Turncount: 2410 turns ( -276 points) Survival: died (score multiplied by 80%) Total score: 22242 Latest messages: You stop. Armand is in the way! You displace Armand. Armand bites the gecko. The gecko is killed! Armand eats a gecko corpse. A gush of water hits your right arm! Your daggers rust! It is hit! You displace Armand. You hear some noises. You displace Armand. The dwarf wields a pick-axe! The lamp flickers for a moment, then dies. Armand bites the dwarf. The dwarf swings his pick-axe at Armand. The dwarf misses Armand. The dwarf hits! The dwarf swings his pick-axe. The dwarf hits! You die... Final status: Aloha Zazza the Tourist, killed by a dwarf... You died in The Gnomish Mines on dungeon level 6 with 22242 points, and 1364 pieces of gold, after 2410 moves. You were level 1 with a maximum of 14 hit points when you died.